 Dungeon Crawl Stone Soup version 0.32-a0-123-g8a9189f6be (webtiles) character file.

Game seed: 17708786894561681804

45625 Ge0ff the Marksmummy (level 14, 0/98 HPs)
             Began as a Mummy Artificer on Feb 6, 2024.
             Was a High Priest of Hepliaklqana.
             Slain by a yak (13 damage)
             ... led by a torpor snail
             ... on level 5 of the Lair of Beasts.
             The game lasted 00:38:58 (19626 turns).

Ge0ff the Marksmummy (Mummy Artificer)             Turns: 19626, Time: 00:38:58

Health: 0/98       AC: 19    Str: 22    XL:     14   Next: 1%
Magic:  19/19      EV: 14    Int: 10    God:    Hepliaklqana [*****.]
Gold:   1608       SH:  0    Dex: 17    Spells: 13/13 levels left

rFire   x . .        a - +0 arbalest (freeze)
rCold   + . .        (shield currently unavailable)
rNeg    + + +        X - +3 troll leather armour {Snorg}
rPois   ∞            S - +0 helmet
rElec   .            t - +2 cloak {rCorr}
rCorr   +            J - +2 pair of gloves
SInv    .            L - +0 pair of boots
Will    +....        Y - amulet of regeneration
Stlth   ++           j - +6 ring of strength
HPRegen 1.96/turn    p - +4 ring of protection {=R}
MPRegen 0.16/turn

%: faith
@: no status effects
A: reduced essence, cold resistance 1, negative energy resistance 3, torment
resistance 2, heat vulnerability 1, in touch with death 2, no potions, faith
a: Renounce Religion, Recall Ancestor, Ancestor Identity, Transference, Idealise


You were on level 5 of the Lair of Beasts.
You worshipped Hepliaklqana.
Hepliaklqana was extremely pleased with you.
You visited 3 branches of the dungeon, and saw 17 of its levels.

You collected 1794 gold pieces.
You spent 186 gold pieces at shops.

Inventory:

Hand Weapons
 a - a +0 arbalest of freezing (weapon)
 b - a +0 orcbow
 u - a +2 vampiric dagger
 y - a +3 quarterstaff of chaos
 H - a +1 short sword of flaming
 I - a +1 dagger of venom
 M - a +1 glaive of venom
 Q - a +0 heavy sling
 R - a +2 dagger of draining
 W - a +0 quarterstaff of draining
Missiles
 v - 2 curare-tipped darts {=F}
 z - 10 javelins
 U - 34 poisoned darts
 Z - 5 boomerangs
Armour
 t - a +2 cloak of preservation (worn)
 D - the +1 chain mail of the Mackerel {Fly rF+ rC-}
   (You found it on level 6 of the Dungeon)

   rF+:       It protects you from fire.
   rC-:       It makes you vulnerable to cold.
   Fly:       It grants you flight.
 J - a +2 pair of gloves (worn)
 L - a +0 pair of boots (worn)
 N - a +3 scale mail of positive energy
 O - a scarf of shadows
 S - a +0 helmet (worn)
 X - a +3 troll leather armour (worn) {Snorg}
Magical Staves
 x - the staff "Noth" {rN+ Str+3 Dex+2 SInv Necro}
   (You found it on level 6 of the Dungeon)

   [staff of death]

   Base accuracy: +5 Base damage: 5 Base attack delay: 1.2 This weapon's minimum
   attack delay (0.6) is reached at skill level 12.
   Str+3:     It affects your strength (+3).
   Dex+2:     It affects your dexterity (+2).
   rN+:       It protects you from negative energy.
   SInv:      It lets you see invisible.
   Necro:     It increases the power of your Necromancy spells.
   It falls into the 'Staves' category.
   It is a one-handed weapon.
Jewellery
 j - a +6 ring of strength (left hand)
 p - a +4 ring of protection (right hand) {=R}
 E - a ring of see invisible
 K - a ring of ice
 Y - an amulet of regeneration (around neck)
Wands
 e - a wand of charming (6)
 f - a wand of flame (15)
 P - a wand of polymorph (4)
Scrolls
 i - 5 scrolls of identify
 l - 2 scrolls of enchant weapon
 m - 2 scrolls of revelation
 B - a scroll of blinking
 F - a scroll of fog
 G - a scroll of enchant armour
 T - 3 scrolls of teleportation
 V - 4 scrolls of vulnerability
Miscellaneous
 c - a condenser vane (inert)


   Skills:
 + Level 9.9 Fighting
 - Level 3.0 Staves
 * Level 15.8 Ranged Weapons
 + Level 1.6 Throwing
 - Level 5.0 Armour
 - Level 5.0 Dodging
 - Level 1.0 Stealth
 + Level 7.3 Invocations
 - Level 3.0 Evocations


You had 13 spell levels left.
You didn't know any spells.
Your spell library contained the following spells:

 Spells                   Type           Power      Damage    Failure   Level
 Cigotuvi's Dreadful Rot  Necr/Alch/Air  0%         N/A       54%         2
 Ensorcelled Hibernation  Hex/Ice        0%         N/A       54%         2
 Scorch                   Fire           0%         2d5       54%         2
 Fugue of the Fallen      Necr           0%         N/A       78%         3
 Ozocubu's Armour         Ice            0%         N/A       78%         3
 Anguish                  Hex/Necr       0%         N/A       99%         4
 Flame Wave               Conj/Fire      0%         2d4       99%         4
 Ignite Poison            Fire/Alch      0%         N/A       99%         4
 Manifold Assault         Tloc           0%         N/A       99%         4
 Freezing Cloud           Conj/Ice/Air   0%         6-21      100%        5
 Summon Cactus Giant      Summ           0%         N/A       100%        6


Dungeon Overview and Level Annotations

Branches:
Dungeon (11/15) Zot: 24756  Temple (1/1) D:6 Zot: 5967    Lair (5/5) D:9 Zot: 25778
 Shoals (0/4) Lair:3       Spider (0/4) Lair:2        Slime (0/5) Lair:5
    Orc: D:9-12

Altars:
Ashenzari
Cheibriados
Dithmenos
Fedhas
Gozag
Hepliaklqana
Kikubaaqudgha
Makhleb
Nemelex Xobeh
Okawaru
Qazlal
Ru
Sif Muna
Trog
Uskayaw
Vehumet
Wu Jian
Xom
Yredelemnul

Shops:
D:5 *   D:11 [

Annotations:
D:10 exclusion: yaktaur captain
Lair:2 3 runed translucent doors, exclusion: 3 doors, antlorb's ghost, journeyman DsGl


Innate Abilities, Weirdness & Mutations

Your life essence is reduced to manifest your ancestor. (-10% HP)
You are immune to poison.
Your flesh is cold resistant. (rC+)
You are immune to negative energy. (rN+++)
You are immune to unholy pain and torment.
You are vulnerable to heat. (rF-)
You are strongly in touch with the powers of death.
You do not drink.
You have a special connection with the divine. (Faith)


Message History

You kill the wolf!
The wolf completely misses you. The wolf bites you but does no damage.
The yak closely misses you. x2; The wolf bites you.
Setora closely misses the wolf.
You shoot a bolt. The bolt barely misses the wolf.
The wolf bites you but does no damage. x2; The yak gores you!
* * * LOW HITPOINT WARNING * * *
The yak gores you!
* * * LOW HITPOINT WARNING * * *
The wolf bites you but does no damage. x2
You shoot a bolt.
The bolt hits the wolf but does no damage.
The wolf is almost dead.
The wolf bites you.
* * * LOW HITPOINT WARNING * * *
The wolf barely misses you. The yak gores you but does no damage.
The yak gores you.
* * * LOW HITPOINT WARNING * * *
Setora hits the wolf with a +0 flail.
The wolf dies!
The wolf bites you but does no damage.
Setora hits the yak with a +0 flail!
The yak gores you but does no damage. The yak attacks as it pursues you!
The yak misses you. The wolf bites you but does no damage.
You shoot a bolt. The bolt completely misses the yak.
The wolf bites you but does no damage. The yak misses you.
The wolf bites you but does no damage. The yak gores you.
* * * LOW HITPOINT WARNING * * *
The yak gores you.
* * * LOW HITPOINT WARNING * * *
The wolf attacks as it pursues you! The wolf barely misses you.
Setora hits the yak with a +0 flail!
The yak dies!
The wolf completely misses you. The yak attacks as it pursues you!
The yak gores you but does no damage. The wolf bites you.
* * * LOW HITPOINT WARNING * * *
The wolf bites you but does no damage. The wolf barely misses you.
The yak attacks as it pursues you! The yak gores you!
* * * LOW HITPOINT WARNING * * *
You can't drink.
You shoot a bolt. The bolt hits the yak!
The bolt freezes the yak.
The yak is almost dead.
The wolf barely misses you. The yak gores you but does no damage.
The wolf misses you.
You shoot a bolt. The bolt barely misses the yak.
The wolf bites you but does no damage.
Setora barely misses the wolf.
The yak gores you!
You die...
Hepliaklqana delivers you to your ancestors.

#.PP#.###.........P.P.##
.............P.##.P.###
.............P....P#..#
...................####
#...†..†............####
........†..............#
......?................### ###
...........Rh............###..
..#.###.....Y@...##..#....††..
# ## ##P##....#######........
####...## ##....... #..##
#######. ...# #. ...## #.
.P..# ## .#^.. ## #.


You could see the friendly Setora the knight, a yak and a wolf (ally target).

Vanquished Creatures
  4 hydras
  A yaktaur captain (D:10)
  A centaur warrior (D:10)
  Erica (D:8)
  3 boulder beetles
  A two-headed ogre (D:9)
  Urug (D:11)
  Sonja (D:11)
  2 skysharks
  A lindwurm (Lair:5)
  A manticore (D:10)
  4 oklob plants (Lair:5)
  2 ugly things
  2 cyclopes (D:10)
  11 elephants
  3 black mambas
  Maggie (D:10)
  5 cane toads
  A torpor snail (Lair:5)
  A kobold demonologist (D:10)
  An unseen horror (D:10)
  8 komodo dragons
  2 rime drakes (Lair:2)
  A polar bear (Lair:5)
  Prince Ribbit (D:7)
  2 blink frogs (Lair:4)
  5 dream sheep (Lair:4)
  A centaur simulacrum (D:10)
  28 yaks
  A vampire (D:11)
  4 wyverns
  A steam dragon (D:8)
  An acid dragon (D:11)
  13 water moccasins
  Duvessa (D:7)
  An ice beast (D:7)
  3 orc warriors
  A black bear (Lair:2)
  An ogre (D:6)
  11 wolves
  A tengu (D:8)
  2 phantoms
  2 kobold brigands
  13 bullfrogs
  A gnoll sergeant (D:10)
  2 scorpions
  9 wights
  Dowan (D:7)
  8 killer bees
  2 howler monkeys (D:10)
  A bombardier beetle (D:5)
  7 hounds
  2 jellies
  4 orc priests
  Crazy Yiuf (D:2)
  5 iguanas
  Natasha (thrice) (D:2)
  3 hell rats (Lair:4)
  6 orc wizards
  Robin (D:2)
  8 adders
  3 gnolls (D:5)
  2 ufetubi (D:6)
  5 dart slugs
  2 ribbon worms (D:3)
  25 orcs
  7 bats
  6 endoplasms
  A giant cockroach (D:3)
  9 hobgoblins
  2 jackals (D:3)
  2 quokkas
  5 ball pythons
  A frilled lizard (D:1)
  11 goblins
  15 kobolds
  9 rats
321 creatures vanquished.

Vanquished Creatures (collateral kills)
  Snorg (D:11)
  A meliai (D:10)
  2 elephants
  A guardian serpent (D:11)
  Joseph (D:10)
  A cane toad (Lair:3)
  3 komodo dragons
  An unseen horror (D:10)
  2 rime drakes
  A tarantella (Lair:2)
  2 dream sheep (Lair:4)
  A blink frog (Lair:4)
  A centaur simulacrum (D:10)
  16 yaks
  A wraith (D:11)
  A shadow (D:10)
  A culicivora (Lair:2)
  2 wyverns (D:9)
  3 water moccasins
  A swamp drake (shapeshifter) (D:10)
  A black bear (Lair:3)
  2 wolves
  4 centaurs (Lair:3)
  A kobold brigand (D:9)
  A bullfrog (Lair:2)
  5 wights
  6 killer bees
  2 orc priests
  A jelly (D:7)
  4 orc wizards
  2 hell rats (Lair:4)
  6 orcs
  4 goblins (D:2)
  6 kobolds
  A butterfly (Lair:3)
89 creatures vanquished.

Vanquished Creatures (others)
  An arcanist (D:6)
  A black mamba (Lair:3)
  A cane toad (Lair:3)
  3 orc priests
  12 knights
  2 ancestors (D:7)
  2 goblins (D:2)
22 creatures vanquished.

Grand Total: 432 creatures vanquished

Notes
Turn   | Place    | Note
-------+----------+-------------------------------------------
     0 | D:1      | Ge0ff the Mummy Artificer began the quest for the Orb.
     0 | D:1      | Reached XP level 1. HP: 15/15 MP: 1/1
   170 | D:1      | Reached skill level 1 in Stealth
   249 | D:1      | Reached XP level 2. HP: 19/21 MP: 2/2
   296 | D:1      | Reached skill level 1 in Ranged Weapons
   442 | D:1      | Reached XP level 3. HP: 14/26 MP: 3/3
   701 | D:1      | Found a faded altar of an unknown god.
  2296 | D:2      | Found a runed translucent door.
  2297 | D:2      | Noticed Crazy Yiuf
  2301 | D:2      | Killed Crazy Yiuf
  2302 | D:2      | Reached skill level 2 in Ranged Weapons
  2302 | D:2      | Reached XP level 4. HP: 33/33 MP: 4/4
  2758 | D:2      | Noticed Natasha
  2763 | D:2      | Killed Natasha
  2867 | D:2      | Noticed Robin
  3057 | D:2      | Killed Robin
  3611 | D:2      | Noticed Natasha
  3618 | D:2      | Killed Natasha
  3619 | D:2      | Reached XP level 5. HP: 23/39 MP: 5/5
  4295 | D:2      | Noticed Natasha
  4301 | D:2      | Killed Natasha
  4302 | D:2      | Reached skill level 3 in Ranged Weapons
  5108 | D:3      | Reached skill level 1 in Staves
  5204 | D:3      | Reached XP level 6. HP: 15/46 MP: 6/6
  5408 | D:3      | Found a sacrificial altar of Ru.
  5490 | D:3      | Identified a scroll of acquirement
  7034 | D:5      | Entered Level 5 of the Dungeon
  7189 | D:5      | Reached skill level 1 in Dodging
  7189 | D:5      | Reached XP level 7. HP: 48/52 MP: 7/7
  7241 | D:5      | Reached skill level 4 in Ranged Weapons
  7360 | D:5      | Found Pigai's General Store.
  7367 | D:5      | Bought a scroll of fear for 48 gold pieces
  7367 | D:5      | Bought a scroll of fear for 48 gold pieces
  7367 | D:5      | Bought a scroll of enchant armour for 90 gold pieces
  7491 | D:5      | Found a snail-covered altar of Cheibriados.
  7635 | D:5      | Found a snail-covered altar of Cheibriados.
  7656 | D:5      | Reached skill level 5 in Ranged Weapons
  7850 | D:6      | Found a bloodstained altar of Trog.
  7851 | D:6      | Noticed a wizard
  7856 | D:6      | Killed a wizard
  7932 | D:6      | Found a staircase to the Ecumenical Temple.
  7950 | D:6      | Reached skill level 6 in Ranged Weapons
  7950 | D:6      | Reached XP level 8. HP: 58/58 MP: 8/8
  7959 | D:6      | Found an opulent altar of Gozag.
  7972 | Temple   | Entered the Ecumenical Temple
  7988 | Temple   | Became a worshipper of Hepliaklqana the Forgotten
  8218 | D:6      | Identified the +1 chain mail of the Mackerel {Fly rF+ rC-}
  8268 | D:6      | Found a shimmering blue altar of Sif Muna.
  8528 | D:6      | Reached skill level 7 in Ranged Weapons
  8728 | D:6      | Identified the staff "Noth" {rN+ Str+3 Dex+2 SInv Necro}
  8767 | D:6      | Found a shadowy altar of Dithmenos.
  9130 | D:7      | Reached * piety under Hepliaklqana
  9215 | D:7      | Noticed Prince Ribbit
  9233 | D:7      | Killed Prince Ribbit
  9234 | D:7      | Reached skill level 5 in Fighting
  9234 | D:7      | Reached XP level 9. HP: 37/61 MP: 9/9
  9349 | D:7      | You fall into a shaft and drop 2 floors!
  9429 | D:9      | Noticed a two-headed ogre
  9437 | D:9      | Killed a two-headed ogre
  9438 | D:9      | Reached skill level 8 in Ranged Weapons
  9675 | D:7      | Noticed Duvessa
  9676 | D:7      | Noticed Dowan
  9683 | D:7      | Killed Duvessa
  9683 | D:7      | Killed Dowan
 10231 | D:8      | Noticed Maurice
 10233 | D:8      | Maurice stole a +3 quarterstaff of chaos
 10234 | D:8      | Maurice stole 58 stones
 10237 | D:8      | Maurice changed into Maurice the tengu
 10237 | D:8      | Noticed Maurice
 10239 | D:8      | Killed Maurice the tengu
 10294 | D:8      | Reached ** piety under Hepliaklqana
 10295 | D:8      | Remembered your ancestor Setora as a knight
 10547 | D:8      | Noticed Erica
 10551 | D:8      | Killed Erica
 10552 | D:8      | Reached skill level 9 in Ranged Weapons
 10670 | D:8      | Found an ornate altar of the Wu Jian Council.
 10696 | D:8      | Reached XP level 10. HP: 71/71 MP: 10/10
 10707 | D:8      | Noticed a brown ugly thing
 10718 | D:8      | Killed a brown ugly thing
 11102 | D:9      | Found a staircase to the Lair.
 11283 | D:9      | Reached skill level 10 in Ranged Weapons
 11751 | D:10     | Entered Level 10 of the Dungeon
 11843 | D:10     | Reached skill level 1 in Invocations
 11969 | D:10     | Noticed a smoke demon
 12084 | D:10     | Noticed a centaur warrior
 12087 | D:10     | Noticed a yaktaur captain
 12090 | D:10     | Noticed a cyclops
 12342 | D:10     | Reached skill level 5 in Armour
 12388 | D:10     | Noticed a brown ugly thing
 12407 | D:10     | Killed a brown ugly thing
 12408 | D:10     | Reached skill level 11 in Ranged Weapons
 12499 | D:10     | Reached *** piety under Hepliaklqana
 12585 | D:10     | Reached XP level 11. HP: 75/75 MP: 13/13
 12589 | D:10     | Noticed Maggie
 12601 | D:10     | Killed Maggie
 12660 | D:10     | Noticed a four-headed hydra
 12667 | D:10     | Killed a four-headed hydra
 12790 | D:10     | Noticed Joseph
 12803 | D:10     | Killed Joseph
 13005 | D:10     | Noticed a yaktaur captain
 13188 | D:10     | Acquired 591 gold pieces
 13288 | D:11     | Noticed Urug
 13367 | D:11     | Killed Urug
 13368 | D:11     | Reached skill level 12 in Ranged Weapons
 13426 | D:11     | Noticed Snorg
 13438 | D:11     | Killed Snorg
 13439 | D:11     | Reached skill level 5 in Invocations
 13520 | D:11     | Noticed Sonja
 13559 | D:11     | Killed Sonja
 14066 | D:11     | Found Winkelried's Dragon-Slaying Spoils.
 14148 | D:11     | Reached skill level 13 in Ranged Weapons
 14781 | D:10     | Killed a yaktaur captain
 14782 | D:10     | Reached XP level 12. HP: 69/81 MP: 15/15
 14871 | D:10     | Killed a centaur warrior
 15517 | Lair:1   | Entered Level 1 of the Lair of Beasts
 15564 | Lair:1   | Noticed a boulder beetle
 15644 | Lair:1   | Noticed a boulder beetle
 15657 | Lair:1   | Killed a boulder beetle
 15753 | Lair:1   | Killed a boulder beetle
 15790 | Lair:1   | Reached skill level 14 in Ranged Weapons
 15838 | Lair:1   | Noticed a five-headed hydra
 15843 | Lair:1   | Killed a five-headed hydra
 15905 | Lair:1   | Reached **** piety under Hepliaklqana
 16699 | Lair:2   | Found a runed translucent gate.
 16699 | Lair:2   | Found a runed translucent gate.
 16699 | Lair:2   | Found a runed translucent gate.
 16714 | Lair:2   | Noticed a seven-headed hydra
 16719 | Lair:2   | Killed a seven-headed hydra
 16727 | Lair:2   | Noticed a boulder beetle
 16746 | Lair:2   | Killed a boulder beetle
 16963 | Lair:2   | Noticed antlorb's ghost (journeyman DsGl)
 17008 | Lair:2   | Gained mutation: You are strongly in touch with the powers
                  | of death. [Mummy growth]
 17008 | Lair:2   | Reached XP level 13. HP: 77/88 MP: 17/17
 17056 | Lair:2   | Found a hole to the Spider Nest.
 17430 | Lair:3   | Found a staircase to the Shoals.
 17579 | Lair:3   | Reached ***** piety under Hepliaklqana
 18393 | Lair:4   | Identified the +4 chain mail of Limitation {rN++ Int+2}
 18434 | Lair:4   | Reached skill level 15 in Ranged Weapons
 18908 | Lair:4   | Reached skill level 5 in Dodging
 19298 | Lair:5   | Entered Level 5 of the Lair of Beasts
 19298 | Lair:5   | Found a staircase to the Slime Pits.
 19508 | Lair:5   | Reached skill level 1 in Throwing
 19615 | Lair:5   | Reached XP level 14. HP: 34/98 MP: 17/19
 19626 | Lair:5   | Slain by a yak

Illustrated notes

Levels and vault maps discovered:
D:1:      saegor_arrival_miasma, layout_basic, nicolae_ecumenical_lake_church
D:2:      layout_loops_corners, minivault_19, uniq_crazy_yiuf_cottage,
          uniq_robin, uniq_natasha
D:3:      layout_loops_corners, minitemple
D:4:      layout_loops_corners
D:5:      layout_rooms, slow_altar_1, serial_shops,
          nicolae_shop_temple_entry_statues_fountains, kennysheep_diamond
D:6:      layout_basic, trog_wizard, grunt_dithmenos_shadows,
          mainiacjoe_overflow_catwalk, nicolae_sif_muna_condensation,
          minmay_temple_entry_offerings, st_stairs_12, grunt_decor_cap,
          minivault_10
D:7:      layout_loops_ring, grunt_ministairs_14, solitary_fountain,
          uniq_duvessa, uniq_prince_ribbit1
D:8:      layout_basic, mainiacjoe_overflow_boulevard,
          nicolae_straight_to_the_point, uniq_erica, uniq_maurice
D:9:      layout_rooms, lair_entry_dummy
D:10:     nzn_winding_woodlands_large [nzn_winding_woodlands_5x5_open_star,
          nzn_winding_woodlands_5x15_sidewinder,
          nzn_winding_woodlands_5x5_closed_star,
          nzn_winding_woodlands_center_diamonds,
          nzn_winding_woodlands_15x15_thick_spiral,
          nzn_winding_woodlands_center_triple_pond,
          nzn_winding_woodlands_5x5_cross,
          nzn_winding_woodlands_5x15_concentric,
          nzn_winding_woodlands_5x5_perimeter], layout_loops_ring, uniq_joseph,
          uniq_maggie
D:11:     layout_basic, nicolae_shop_dragon_depot,
          nrook_guardian_serpent_ordinary, uniq_sonja, uniq_urug, uniq_snorg
Temple:   nicolae_temple_superstar
Lair:1:   layout_chaotic_city
Lair:2:   layout_cellular_growth, spider_nest_entry_rubble, gammafunk_ghost_icy,
          nzn_sisyphean_effort
Lair:3:   layout_regular_city, minmay_shoals_entry_centaurs, grunt_megastairs_5,
          lemuel_fruit_tree, infiniplex_staircase_pool_2, lemuel_fruit_fields
Lair:4:   layout_cave_pods, grunt_megastairs_2
Lair:5:   wormcave, layout_long_grid, guppyfry_lair_end_dragon,
          minmay_slime_entry_oklob_open, hangedman_lair_generics_rect,
          serial_bayou_shore_a, lemuel_fruit_fields

Skill      XL: |  1  2  3  4  5  6  7  8  9 10 11 12 13 |
---------------+----------------------------------------+-----
Stealth        | 1 |  1.0
Ranged Weapons | 1 2 3 6 7 9 11 13 14 15 | 15.8
Fighting       | 2 3 5 7 8 9 |  9.9
Evocations     | 3 |  3.0
Staves         | 2 3 |  3.0
Dodging        | 1 3 5 |  5.0
Armour         | 2 3 5 |  5.0
Invocations    | 3 5 6 7 |  7.3
Throwing       | 1 |  1.6

Action                     |  1- 3 |  4- 6 |  7- 9 | 10-12 | 13-15 || total
---------------------------+-------+-------+-------+-------+-------++-------
  Melee: Hand axe          |    95 |       |       |       |       ||    95
         Trident           |     7 |     1 |       |       |       ||     8
         Punch             |     2 |       |       |       |       ||     2
         Quarterstaff      |       |   151 |   162 |       |       ||   313
   Fire: Shortbow          |       |       |    30 |    70 |       ||   100
         Orcbow            |       |       |       |   383 |       ||   383
         Arbalest          |       |       |       |   210 |   331 ||   541
  Throw: Stone             |       |     1 |    19 |       |       ||    20
         Dart              |       |       |       |     5 |       ||     5
 Invoke: Ancestor Identity |       |       |     1 |       |       ||     1
         Recall Ancestor   |       |       |     1 |     3 |     1 ||     5
         Ancestor Life: Kn |       |       |     1 |       |       ||     1
         Idealise          |       |       |       |     1 |     2 ||     3
  Evoke: Wand              |     1 |     5 |    27 |    30 |     2 ||    65
         Condenser vane    |       |       |       |       |     1 ||     1
    Use: Scroll            |     2 |     4 |     4 |    16 |       ||    26
   Stab: Sleeping          |     1 |     6 |       |       |       ||     7
         Confused          |       |       |     1 |       |       ||     1
 Armour: Leather armour    |    59 |    63 |       |       |       ||   122
         Scale mail        |       |    35 |   133 |       |       ||   168
         Steam dragon scal |       |       |     4 |   105 |       ||   109
         Troll leather arm |       |       |       |    95 |   283 ||   378
  Dodge: Dodged            |    77 |    78 |    75 |   125 |   229 ||   584

Table legend: (Time is in decaauts)
 A = Elapsed time spent in this place.
 B = Non-inter-level travel time spent in this place.
 C = Inter-level travel time spent in this place.
 D = Time resting spent in this place.
 E = Time spent auto-exploring this place.
 F = Levels seen in this place.
 G = Mean time per level.
                   A        B        C        D        E       F      G
               +--------+--------+--------+--------+--------+-----+--------+
         Total |  19798 |  18614 |   1184 |   1186 |  13592 |  17 | 1164.6 |
       Dungeon |  15545 |  14674 |    871 |   1069 |  10804 |  11 | 1413.2 |
        Temple |     32 |      1 |     31 |      0 |      0 |   1 |   32.0 |
          Lair |   4220 |   3938 |    282 |    117 |   2788 |   5 |  844.0 |
               +--------+--------+--------+--------+--------+-----+--------+

Top non-repeatable levels by time:
     D:2: 2776 daAuts
    D:10: 2539 daAuts
     D:1: 2023 daAuts
     D:6: 1210 daAuts
     D:3: 1208 daAuts
  Lair:4: 1117 daAuts
     D:4: 1090 daAuts
    D:11: 1030 daAuts
     D:9: 1015 daAuts
  Lair:1: 971 daAuts
     D:7: 965 daAuts
  Lair:3: 942 daAuts
     D:8: 925 daAuts
  Lair:2: 920 daAuts
     D:5: 760 daAuts
